Rafales vs Saguenéens
Created - October 27, 2019 at 08:42
Goals
|
| Rafales |
2 |
2 |
0 |
0 |
4 |
| Saguenéens |
3 |
1 |
0 |
1 |
5 |
|
Shots
|
| Rafales |
10 |
13 |
10 |
0 |
33 |
| Saguenéens |
5 |
13 |
7 |
4 |
29 |
|
1st period
1. Rafales , Kevin Veilleux 1 (Brian Ferlin 2, James Marcou 1) at 9:55
2. Saguenéens , Carl Hagelin 2 (Alexander Wennberg 2, Nick Mattson 2) at 10:58
3. Saguenéens , Nick Mattson 1 (Luke Witkowski 2, Michael Latta 1) at 11:50
4. Saguenéens , Michael Latta 4 (Luke Witkowski 3, Juraj Mikus 1) at 16:53
5. Rafales , Andrew Shaw 1 (Nathan Davis 2) at 16:59
Penalties :
Nathan Davis (Stf) for Diving (Minor) at 2:06, Andrew Shaw (Stf) for Hooking (Minor) at 6:32, Patrick Sieloff (Chi) for Holding (Minor) at 13:53, Chris Terry (Stf) for Boarding (Minor) at 18:50
2nd period
6. Rafales , Dylan McIlrath 1 (Brian Ferlin 3, Bruno Gervais 2) at 2:16 (PP)
7. Rafales , Nathan Davis 5 (Andrew Shaw 5, Carl Klingberg 4) at 3:19 (PP)
8. Saguenéens , Mason Raymond 1 (Luke Witkowski 4, Jake McCabe 4) at 5:36
Penalties :
Luke Witkowski (Chi) for Hooking (Minor) at 1:42, Carl Hagelin (Chi) for Slashing (Minor) at 2:54, Rhett Rakhshani (Chi) for Hooking (Minor) at 10:09, Dalton Prout (Chi) for Holding (Minor) at 14:01, Nathan Davis (Stf) for Tripping (Minor) at 14:26, Maksim Mayorov (Stf) for Hooking (Minor) at 16:59
3rd period
No Goal
Penalties :
Adam Erne (Chi) for Tripping (Minor) at 17:47
Overtime #1
9. Saguenéens , Mason Raymond 2 (Luke Witkowski 5, Patrick Sieloff 2) at 4:06
Penalties :
No Penalty
Goalie Stats
Jake Allen (Stf), 24 saves from 29 shots - (0.828), OTL, 0-0-1, 64:06 minutes
Joe Cannata (Chi), 29 saves from 33 shots - (0.879), W, 1-1-0, 64:06 minutes
Players Stats for Rafales
Player Name G A P +/- PIM S H SB GA TA FO MP PP MP PK MP
------------------------------------------------------------------------------------
Andrew Shaw 1 1 2 -3 2 8 1 0 4 0 9/16 25:13 4:12 3:11
Ben Johnson 0 0 0 0 0 0 0 0 0 0 0/0 0:31 0:00 0:00
Ben Thomson 0 0 0 -1 0 0 0 0 1 0 0/0 6:15 0:00 0:00
Brad Ross 0 0 0 0 0 0 0 0 0 0 0/0 2:00 0:00 0:59
Brian Ferlin 0 2 2 1 0 1 1 0 1 0 1/1 18:53 3:09 3:13
Bruno Gervais 0 1 1 -2 0 3 1 2 0 0 0/0 30:18 4:33 4:33
Carl Klingberg 0 1 1 -3 0 4 1 1 0 1 0/0 25:45 4:12 3:56
Cedric Paquette 0 0 0 0 0 3 1 0 0 0 3/6 11:19 0:00 0:56
Chris Terry 0 0 0 1 2 1 0 0 0 0 0/0 14:51 3:09 0:00
Connor Murphy 0 0 0 -2 0 1 0 1 0 1 0/0 30:16 4:33 4:33
Dylan McIlrath 1 0 1 -2 0 1 0 3 0 0 0/0 22:50 2:48 3:48
James Marcou 0 1 1 -1 0 2 0 0 0 0 0/0 6:15 0:00 0:00
Jayson Megna 0 0 0 -1 0 0 0 0 0 0 1/1 6:15 0:00 0:00
Joey Laleggia 0 0 0 1 0 0 1 0 0 0 0/0 9:49 0:00 0:00
Julian Melchiori 0 0 0 -2 0 0 3 2 0 1 0/0 22:57 2:48 3:48
Kevin Veilleux 1 0 1 1 0 1 2 0 0 0 5/8 14:24 3:09 0:00
Maksim Mayorov 0 0 0 0 2 0 0 0 1 0 0/0 10:10 0:00 0:00
Nathan Davis 1 1 2 -2 4 6 1 1 1 0 22/33 20:33 4:11 1:56
Ryan Bourque 0 0 0 0 0 1 0 0 0 0 0/0 3:14 0:00 0:24
Slater Koekkoek 0 0 0 1 0 0 0 0 0 0 0/0 9:50 0:00 0:00
Tim Crowder 0 0 0 0 0 1 0 0 2 0 0/0 10:24 0:00 0:00
Tyrell Goulbourne 0 0 0 0 0 0 0 0 1 0 0/3 4:22 0:00 2:07
Players Stats for Saguenéens
Player Name G A P +/- PIM S H SB GA TA FO MP PP MP PK MP
------------------------------------------------------------------------------------
Adam Erne 0 0 0 0 2 1 2 1 0 0 1/1 10:29 0:03 0:00
Alexander Wennberg 0 1 1 1 0 0 4 0 1 0 3/7 18:22 3:54 1:41
Calle Andersson 0 0 0 0 0 0 1 0 0 0 0/0 4:20 0:00 0:10
Carl Hagelin 1 0 1 1 2 6 2 0 0 0 1/2 16:01 3:54 0:00
Craig Cunningham 0 0 0 0 0 0 0 0 0 0 0/0 11:43 0:00 1:08
Dalton Prout 0 0 0 0 2 0 2 3 0 2 0/0 27:25 3:47 4:15
Duncan Siemens 0 0 0 0 0 0 0 2 0 2 0/0 15:12 1:19 0:00
Henrik Samuelsson 0 0 0 0 0 1 1 0 0 1 0/1 3:30 0:18 0:00
Jake McCabe 0 1 1 0 0 1 1 0 0 0 0/0 27:32 4:00 4:40
Jonathan Drouin 0 0 0 -1 0 0 0 0 0 0 0/0 3:59 0:18 0:00
Julius Honka 0 0 0 0 0 1 1 0 0 3 0/0 13:16 0:00 1:35
Juraj Mikus 0 1 1 0 0 3 0 0 0 0 1/6 10:06 0:00 0:00
Luke Witkowski 0 4 4 3 2 2 1 1 0 0 8/17 28:33 4:09 3:58
Mason Raymond 2 0 2 3 0 7 1 0 0 1 3/3 24:16 4:12 4:32
Mattias Janmark 0 0 0 0 0 0 0 0 0 0 1/2 2:29 0:00 1:26
Michael Latta 1 1 2 2 0 3 3 1 1 0 7/26 18:59 4:06 1:41
Mikhail Grigorenko 0 0 0 0 0 0 0 0 0 0 0/0 0:28 0:00 0:16
Myles Bell 0 0 0 0 0 0 0 0 0 0 0/0 0:00 0:00 0:00
Nick Mattson 1 1 2 3 0 1 1 0 0 1 0/0 20:49 3:53 2:31
Nick Paul 0 0 0 0 0 0 0 0 0 0 0/0 0:00 0:00 0:00
Patrick Sieloff 0 1 1 3 2 2 2 0 0 1 0/0 19:58 3:58 1:31
Rhett Rakhshani 0 0 0 1 2 0 1 1 0 0 1/1 16:02 3:54 0:00
Tanner Richard 0 0 0 -1 0 1 0 0 1 0 1/2 6:57 0:00 0:00
Teemu Pulkkinen 0 0 0 -1 0 0 0 0 0 0 0/0 6:57 0:00 0:00
Victor Olofsson 0 0 0 0 0 0 0 0 0 0 0/0 0:00 0:00 0:00
3 Stars
1 - Mason Raymond (Chi)
2 - Luke Witkowski (Chi)
3 - Michael Latta (Chi)
Power Play
Rafales - 2 on 6 Attempt(s) - 33.33%
Saguenéens - 0 on 5 Attempt(s) - 0.00%
Penalty Kill
Rafales - 5 on 5 Attempt(s) - 100.00%
- Score 0 goal in Penalty Kill
Saguenéens - 4 on 6 Attempt(s) - 66.67%
- Score 0 goal in Penalty Kill
Team Stat
Rafales - Hits : 12 - Faceoff Wins : 41 - Blocked Shots : 10 - Penalty Minutes : 10
Saguenéens - Hits : 23 - Faceoff Wins : 27 - Blocked Shots : 9 - Penalty Minutes : 12
Official
Referees : Unknown
Linesman : Unknown
Game Notes
2:16 of 2nd period - Rafales goal is going for a video replay. After video review, Goal.
Finance
Level 1 -- Attendance: 1560 (78.00%) -- Ticket Income $62,400
Level 2 -- Attendance: 785 (78.50%) -- Ticket Income $15,700
Total Attendance: 2345 (78.17%)
Total Ticket Income: $78,100
Other Income: $3,905
Total Income: $82,005
Rafales
5 vs 5 Forward
Center Left Wing Right Wing Time % Phy DF OF
1 Nathan Davis Carl Klingberg Andrew Shaw 40 1 2 2
2 Kevin Veilleux Chris Terry Brian Ferlin 30 1 2 2
3 Cedric Paquette Maksim Mayorov Tim Crowder 20 1 2 2
4 Jayson Megna Ben Thomson James Marcou 10 1 2 2
5 vs 5 Defense
Defense Defense Time % Phy DF OF
1 Bruno Gervais Connor Murphy 40 1 2 2
2 Dylan McIlrath Julian Melchiori 30 1 2 2
3 Joey Laleggia Slater Koekkoek 20 1 2 2
4 Bruno Gervais Connor Murphy 10 1 2 2
PowerPlay Forward
Center Left Wing Right Wing Time % Phy DF OF
1 Nathan Davis Carl Klingberg Andrew Shaw 60 1 2 2
2 Kevin Veilleux Chris Terry Brian Ferlin 40 1 2 2
PowerPlay Defense
Defense Defense Time % Phy DF OF
1 Bruno Gervais Connor Murphy 60 1 2 2
2 Dylan McIlrath Julian Melchiori 40 1 2 2
Penalty Kill 4 Players Forward
Center Wing Time % Phy DF OF
1 Andrew Shaw Carl Klingberg 60 1 2 2
2 Nathan Davis Brian Ferlin 40 1 2 2
Penalty Kill 4 Players Defense
Defense Defense Time % Phy DF OF
1 Bruno Gervais Connor Murphy 60 1 2 2
2 Dylan McIlrath Julian Melchiori 40 1 2 2
Penalty Kill - 3 Players Forward
Forward Time % Phy DF OF
1 Andrew Shaw 60 1 2 2
2 Carl Klingberg 40 1 2 2
Penalty Kill - 3 Players Defense
Defense Defense Time % Phy DF OF
1 Bruno Gervais Connor Murphy 60 1 2 2
2 Dylan McIlrath Julian Melchiori 40 1 2 2
4 vs 4 Forward
Center Wing Time % Phy DF OF
1 Andrew Shaw Carl Klingberg 60 1 2 2
2 Nathan Davis Brian Ferlin 40 1 2 2
4 vs 4 Defense
Defense Defense Time % Phy DF OF
1 Bruno Gervais Connor Murphy 60 1 2 2
2 Dylan McIlrath Julian Melchiori 40 1 2 2
Last Minutes Offensive
Center Left Wing Right Wing Defense Defense
Nathan Davis Carl Klingberg Andrew Shaw Bruno Gervais Connor Murphy
Last Minutes Defensive
Center Left Wing Right Wing Defense Defense
Nathan Davis Carl Klingberg Andrew Shaw Bruno Gervais Connor Murphy
Goaltenders
Starting : Jake Allen
Backup : Leland Irving
Extra Forwards
Normal : Andrew Shaw, Ryan Bourque, Tyrell Goulbourne - PP : Carl Klingberg, Ryan Bourque - PK : Tyrell Goulbourne
Extra Defensemen
Normal : Joey Laleggia, Slater Koekkoek, Dylan McIlrath - PP : Joey Laleggia - PK : Slater Koekkoek, Dylan McIlrath
Penalty Shots
Andrew Shaw, Carl Klingberg, Nathan Davis, Brian Ferlin, Tim Crowder
Scratches
Ben Sexton (Healthy), David Broll (Healthy), Akim Aliu (Healthy), Chris Driedger (Healthy), Sean Maguire (Healthy)
Saguenéens
5 vs 5 Forward
Center Left Wing Right Wing Time % Phy DF OF
1 Michael Latta Mason Raymond Luke Witkowski 40 1 2 2
2 Alexander Wennberg Carl Hagelin Rhett Rakhshani 30 1 2 2
3 Juraj Mikus Craig Cunningham Adam Erne 20 1 2 2
4 Tanner Richard Teemu Pulkkinen Luke Witkowski 10 1 2 2
5 vs 5 Defense
Defense Defense Time % Phy DF OF
1 Dalton Prout Jake McCabe 40 1 2 2
2 Nick Mattson Patrick Sieloff 30 1 2 2
3 Duncan Siemens Julius Honka 20 1 2 2
4 Calle Andersson Dalton Prout 10 1 2 2
PowerPlay Forward
Center Left Wing Right Wing Time % Phy DF OF
1 Michael Latta Mason Raymond Luke Witkowski 60 1 2 2
2 Alexander Wennberg Carl Hagelin Rhett Rakhshani 40 1 2 2
PowerPlay Defense
Defense Defense Time % Phy DF OF
1 Dalton Prout Jake McCabe 60 1 2 2
2 Nick Mattson Patrick Sieloff 40 1 2 2
Penalty Kill 4 Players Forward
Center Wing Time % Phy DF OF
1 Luke Witkowski Mason Raymond 60 1 2 2
2 Michael Latta Alexander Wennberg 40 1 2 2
Penalty Kill 4 Players Defense
Defense Defense Time % Phy DF OF
1 Dalton Prout Jake McCabe 60 1 2 2
2 Nick Mattson Patrick Sieloff 40 1 2 2
Penalty Kill - 3 Players Forward
Forward Time % Phy DF OF
1 Luke Witkowski 60 1 2 2
2 Mason Raymond 40 1 2 2
Penalty Kill - 3 Players Defense
Defense Defense Time % Phy DF OF
1 Dalton Prout Jake McCabe 60 1 2 2
2 Nick Mattson Patrick Sieloff 40 1 2 2
4 vs 4 Forward
Center Wing Time % Phy DF OF
1 Luke Witkowski Mason Raymond 60 1 2 2
2 Michael Latta Alexander Wennberg 40 1 2 2
4 vs 4 Defense
Defense Defense Time % Phy DF OF
1 Dalton Prout Jake McCabe 60 1 2 2
2 Nick Mattson Patrick Sieloff 40 1 2 2
Last Minutes Offensive
Center Left Wing Right Wing Defense Defense
Michael Latta Mason Raymond Luke Witkowski Dalton Prout Jake McCabe
Last Minutes Defensive
Center Left Wing Right Wing Defense Defense
Michael Latta Mason Raymond Luke Witkowski Dalton Prout Jake McCabe
Goaltenders
Starting : Joe Cannata
Backup : Tyler Beskorowany
Extra Forwards
Normal : Jonathan Drouin, Henrik Samuelsson, Mattias Janmark - PP : Jonathan Drouin, Henrik Samuelsson - PK : Mattias Janmark
Extra Defensemen
Normal : Duncan Siemens, Julius Honka, Calle Andersson - PP : Duncan Siemens - PK : Julius Honka, Calle Andersson
Penalty Shots
Luke Witkowski, Mason Raymond, Michael Latta, Alexander Wennberg, Carl Hagelin
Scratches
Dylan Labbe (Healthy), Kerby Rychel (Suspend), Clark Bishop (Healthy), Nikita Scherbak (Healthy), JJ. Piccinich (Healthy)
Michael Giugovaz (Healthy)
% Time on Ice - Rafales
Lines # - Real PCT - Wanted PCT - Time Play
Normal Forward
1 - 33% - 40% - 14:05
2 - 29% - 30% - 12:20
3 - 24% - 20% - 10:04
4 - 15% - 10% - 6:15
Normal Defense
1 - 41% - 40% - 17:40
2 - 32% - 30% - 13:44
3 - 24% - 20% - 10:19
4 - 2% - 10% - 1:01
PP Forward
1 - 57% - 60% - 4:12
2 - 43% - 40% - 3:09
PP Defense
1 - 62% - 60% - 4:33
2 - 38% - 40% - 2:48
PK Forward
1 - 61% - 60% - 5:08
2 - 39% - 40% - 3:13
PK Defense
1 - 54% - 60% - 4:33
2 - 46% - 40% - 3:48
PK3 Forward
1 - 0% - 60%
2 - 0% - 40%
PK3 Defense
1 - 0% - 60%
2 - 0% - 40%
44 Forward
1 - 78% - 60% - 4:25
2 - 22% - 40% - 1:15
44 Defense
1 - 64% - 60% - 3:36
2 - 36% - 40% - 2:04
Last Minute Offensive - 0:00
Last Minute Defensive - 0:00
Total
Forward - 64:06
Defense - 64:06
|
% Time on Ice - Saguenéens
Lines # - Real PCT - Wanted PCT - Time Play
Normal Forward
1 - 29% - 40% - 12:12
2 - 32% - 30% - 13:29
3 - 24% - 20% - 10:06
4 - 16% - 10% - 6:57
Normal Defense
1 - 34% - 40% - 14:41
2 - 30% - 30% - 12:40
3 - 26% - 20% - 11:13
4 - 10% - 10% - 4:10
PP Forward
1 - 53% - 60% - 4:27
2 - 47% - 40% - 3:54
PP Defense
1 - 54% - 60% - 4:31
2 - 46% - 40% - 3:50
PK Forward
1 - 77% - 60% - 5:40
2 - 23% - 40% - 1:41
PK Defense
1 - 66% - 60% - 4:50
2 - 34% - 40% - 2:31
PK3 Forward
1 - 0% - 60%
2 - 0% - 40%
PK3 Defense
1 - 0% - 60%
2 - 0% - 40%
44 Forward
1 - 78% - 60% - 4:26
2 - 22% - 40% - 1:14
44 Defense
1 - 70% - 60% - 3:57
2 - 30% - 40% - 1:43
Last Minute Offensive - 0:00
Last Minute Defensive - 0:00
Total
Forward - 64:06
Defense - 64:06
|
Play-by-Play
1st period
0:01 of 1st period - Michael Latta wins face-off versus Nathan Davis in neutral zone.
0:06 of 1st period - Snap shot by Mason Raymond.
0:06 of 1st period - Deflect By Connor Murphy.
0:06 of 1st period - Shot Misses the Net.
0:06 of 1st period - Puck is out of play.
0:07 of 1st period - Mason Raymond wins face-off versus Nathan Davis in Rafales zone.
1:31 of 1st period - Icing by Luke Witkowski.
1:32 of 1st period - Andrew Shaw wins face-off versus Tanner Richard in Saguenéens zone.
2:06 of 1st period - Minor Penalty to Nathan Davis for Diving.
2:07 of 1st period - Andrew Shaw wins face-off versus Michael Latta in Rafales zone.
4:06 of 1st period - Penalty to Nathan Davis is over, Nathan Davis is back on ice.
4:06 of 1st period - Tyrell Goulbourne is hit by Henrik Samuelsson and loses puck.
4:22 of 1st period - Snap shot by Juraj Mikus.
4:22 of 1st period - Deflect By Connor Murphy.
4:22 of 1st period - Stopped by Jake Allen with a rebound.
4:28 of 1st period - Connor Murphy is hit by Adam Erne and loses puck.
4:41 of 1st period - Slater Koekkoek is hit by Calle Andersson and loses puck.
5:46 of 1st period - Carl Klingberg is hit by Alexander Wennberg and loses puck.
6:15 of 1st period - Snap shot by Chris Terry.
6:15 of 1st period - Stopped by Joe Cannata with a rebound.
6:32 of 1st period - Minor Penalty to Andrew Shaw for Hooking.
6:33 of 1st period - Michael Latta wins face-off versus Tyrell Goulbourne in Rafales zone.
6:47 of 1st period - Wrist shot by Luke Witkowski.
6:47 of 1st period - Shot Misses the Net.
7:29 of 1st period - Mason Raymond is hit by Carl Klingberg and loses puck.
8:08 of 1st period - Julian Melchiori is hit by Michael Latta.
8:26 of 1st period - Dalton Prout is hit by Nathan Davis and loses puck.
8:32 of 1st period - Penalty to Andrew Shaw is over, Andrew Shaw is back on ice.
8:39 of 1st period - Slapshot by James Marcou.
8:39 of 1st period - Shot Misses the Net.
8:47 of 1st period - Julian Melchiori is hit by Adam Erne and loses puck.
9:55 of 1st period - Snap shot by Kevin Veilleux.
9:55 of 1st period - Goal by Kevin Veilleux - Rafales : 1 - Saguenéens : 0.
9:56 of 1st period - Nathan Davis wins face-off versus Michael Latta in neutral zone.
10:08 of 1st period - Off-side.
10:09 of 1st period - Nathan Davis wins face-off versus Luke Witkowski in neutral zone.
10:18 of 1st period - Wrist shot by Carl Klingberg.
10:18 of 1st period - Shot Blocked by Dalton Prout.
10:24 of 1st period - Snap shot by Michael Latta.
10:24 of 1st period - Shot Blocked by Carl Klingberg.
10:58 of 1st period - Snap shot by Carl Hagelin.
10:58 of 1st period - Goal by Carl Hagelin - Rafales : 1 - Saguenéens : 1.
10:59 of 1st period - Kevin Veilleux wins face-off versus Michael Latta in neutral zone.
11:24 of 1st period - Rhett Rakhshani is hit by Julian Melchiori.
11:32 of 1st period - Slapshot by Connor Murphy.
11:32 of 1st period - Stopped by Joe Cannata without a rebound.
11:33 of 1st period - Nathan Davis wins face-off versus Michael Latta in Saguenéens zone.
11:36 of 1st period - Wrist shot by Andrew Shaw.
11:36 of 1st period - Stopped by Joe Cannata without a rebound.
11:37 of 1st period - Nathan Davis wins face-off versus Michael Latta in Saguenéens zone.
11:48 of 1st period - Wrist shot by Luke Witkowski.
11:48 of 1st period - Shot Misses the Net.
11:50 of 1st period - Slapshot by Nick Mattson.
11:50 of 1st period - Goal by Nick Mattson - Rafales : 1 - Saguenéens : 2.
11:51 of 1st period - Nathan Davis wins face-off versus Michael Latta in neutral zone.
12:07 of 1st period - Slapshot by Mason Raymond.
12:07 of 1st period - Shot Misses the Net.
12:23 of 1st period - Snap shot by Carl Hagelin.
12:23 of 1st period - Stopped by Jake Allen without a rebound.
12:24 of 1st period - Kevin Veilleux wins face-off versus Alexander Wennberg in Rafales zone.
12:56 of 1st period - Wrist shot by Michael Latta.
12:56 of 1st period - Shot Misses the Net.
13:53 of 1st period - Minor Penalty to Patrick Sieloff for Holding.
13:54 of 1st period - Luke Witkowski wins face-off versus Andrew Shaw in Saguenéens zone.
14:04 of 1st period - Wrist shot by Carl Klingberg.
14:04 of 1st period - Shot Misses the Net.
14:06 of 1st period - Snap shot by Andrew Shaw.
14:06 of 1st period - Shot Misses the Net.
14:08 of 1st period - Snap shot by Carl Klingberg.
14:08 of 1st period - Stopped by Joe Cannata with a rebound.
14:10 of 1st period - Slapshot by Andrew Shaw.
14:10 of 1st period - Shot Misses the Net.
14:35 of 1st period - Wrist shot by Nathan Davis.
14:35 of 1st period - Stopped by Joe Cannata without a rebound.
14:36 of 1st period - Nathan Davis wins face-off versus Michael Latta in Saguenéens zone.
15:53 of 1st period - Penalty to Patrick Sieloff is over, Patrick Sieloff is back on ice.
16:05 of 1st period - Jake McCabe is hit by Joey Laleggia and loses puck.
16:23 of 1st period - Icing by Cedric Paquette.
16:24 of 1st period - Cedric Paquette wins face-off versus Juraj Mikus in Rafales zone.
16:33 of 1st period - Wrist shot by Juraj Mikus.
16:33 of 1st period - Shot Misses the Net.
16:39 of 1st period - Snap shot by Andrew Shaw.
16:39 of 1st period - Stopped by Joe Cannata with a rebound.
16:53 of 1st period - Wrist shot by Michael Latta.
16:53 of 1st period - Goal by Michael Latta - Rafales : 1 - Saguenéens : 3.
16:54 of 1st period - Nathan Davis wins face-off versus Michael Latta in neutral zone.
16:57 of 1st period - Wrist shot by Nathan Davis.
16:57 of 1st period - Shot Misses the Net.
16:59 of 1st period - Slapshot by Andrew Shaw.
16:59 of 1st period - Goal by Andrew Shaw - Rafales : 2 - Saguenéens : 3.
17:00 of 1st period - Michael Latta wins face-off versus Nathan Davis in neutral zone.
17:16 of 1st period - Wrist shot by Andrew Shaw.
17:16 of 1st period - Stopped by Joe Cannata with a rebound.
17:47 of 1st period - Wrist shot by Tim Crowder.
17:47 of 1st period - Stopped by Joe Cannata without a rebound.
17:48 of 1st period - Nathan Davis wins face-off versus Juraj Mikus in Saguenéens zone.
18:03 of 1st period - Snap shot by Andrew Shaw.
18:03 of 1st period - Shot Blocked by Adam Erne.
18:50 of 1st period - Minor Penalty to Chris Terry for Boarding.
18:51 of 1st period - Michael Latta wins face-off versus Andrew Shaw in Rafales zone.
19:16 of 1st period - Andrew Shaw is hit by Dalton Prout and loses puck.
19:57 of 1st period - Dylan McIlrath is hit by Michael Latta.
Goals for this period are 2 for Rafales vs 3 for Saguenéens.
Shots for this period are 10 for Rafales vs 5 for Saguenéens.
2nd period
0:01 of 2nd period - Andrew Shaw wins face-off versus Michael Latta in neutral zone.
0:26 of 2nd period - Connor Murphy is hit by Alexander Wennberg and loses puck.
0:35 of 2nd period - Wrist shot by Carl Hagelin.
0:35 of 2nd period - Stopped by Jake Allen without a rebound.
0:36 of 2nd period - Alexander Wennberg wins face-off versus Andrew Shaw in Rafales zone.
0:39 of 2nd period - Snap shot by Carl Hagelin.
0:39 of 2nd period - Shot Misses the Net.
0:41 of 2nd period - Wrist shot by Carl Hagelin.
0:41 of 2nd period - Stopped by Jake Allen without a rebound.
0:42 of 2nd period - Andrew Shaw wins face-off versus Alexander Wennberg in Rafales zone.
0:50 of 2nd period - Penalty to Chris Terry is over, Chris Terry is back on ice.
1:19 of 2nd period - Snap shot by Craig Cunningham.
1:19 of 2nd period - Deflect By Dylan McIlrath.
1:19 of 2nd period - Shot Misses the Net.
1:19 of 2nd period - Puck is out of play.
1:20 of 2nd period - Cedric Paquette wins face-off versus Michael Latta in Rafales zone.
1:20 of 2nd period - Cedric Paquette is hit by Mason Raymond.
1:42 of 2nd period - Minor Penalty to Luke Witkowski for Hooking.
1:43 of 2nd period - Nathan Davis wins face-off versus Mattias Janmark in Saguenéens zone.
1:54 of 2nd period - Snap shot by Andrew Shaw.
1:54 of 2nd period - Stopped by Joe Cannata with a rebound.
1:56 of 2nd period - Wrist shot by Connor Murphy.
1:56 of 2nd period - Shot Misses the Net.
1:58 of 2nd period - Slapshot by Connor Murphy.
1:58 of 2nd period - Shot Blocked by Dalton Prout.
2:08 of 2nd period - Mason Raymond is hit by Kevin Veilleux.
2:14 of 2nd period - Snap shot by Brian Ferlin.
2:14 of 2nd period - Shot Blocked by Dalton Prout.
2:16 of 2nd period - Snap shot by Dylan McIlrath.
2:16 of 2nd period - Rafales goal is going for a video replay.
2:16 of 2nd period - The goal is good.
2:16 of 2nd period - Goal by Dylan McIlrath - Rafales : 3 - Saguenéens : 3.
2:17 of 2nd period - Nathan Davis wins face-off versus Luke Witkowski in neutral zone.
2:54 of 2nd period - Minor Penalty to Carl Hagelin for Slashing.
2:55 of 2nd period - Nathan Davis wins face-off versus Luke Witkowski in Saguenéens zone.
3:07 of 2nd period - Slapshot by Bruno Gervais.
3:07 of 2nd period - Stopped by Joe Cannata without a rebound.
3:08 of 2nd period - Nathan Davis wins face-off versus Luke Witkowski in Saguenéens zone.
3:11 of 2nd period - Wrist shot by Nathan Davis.
3:11 of 2nd period - Stopped by Joe Cannata with a rebound.
3:17 of 2nd period - Wrist shot by Nathan Davis.
3:17 of 2nd period - Stopped by Joe Cannata with a rebound.
3:19 of 2nd period - Wrist shot by Nathan Davis.
3:19 of 2nd period - Goal by Nathan Davis - Rafales : 4 - Saguenéens : 3.
3:20 of 2nd period - Nathan Davis wins face-off versus Michael Latta in neutral zone.
3:23 of 2nd period - Snap shot by Nathan Davis.
3:23 of 2nd period - Deflect By Luke Witkowski.
3:23 of 2nd period - Stopped by Joe Cannata without a rebound.
3:24 of 2nd period - Nathan Davis wins face-off versus Michael Latta in Saguenéens zone.
3:59 of 2nd period - Wrist shot by Brian Ferlin.
3:59 of 2nd period - Deflect By Chris Terry.
3:59 of 2nd period - Shot Misses the Net.
3:59 of 2nd period - Puck is out of play.
4:00 of 2nd period - Kevin Veilleux wins face-off versus Michael Latta in Saguenéens zone.
4:13 of 2nd period - Slapshot by Jake McCabe.
4:13 of 2nd period - Stopped by Jake Allen without a rebound.
4:14 of 2nd period - Nathan Davis wins face-off versus Carl Hagelin in Rafales zone.
4:19 of 2nd period - Wrist shot by Nathan Davis.
4:19 of 2nd period - Shot Blocked by Rhett Rakhshani.
5:03 of 2nd period - Snap shot by Michael Latta.
5:03 of 2nd period - Deflect By Mason Raymond.
5:03 of 2nd period - Stopped by Jake Allen with a rebound.
5:05 of 2nd period - Slapshot by Luke Witkowski.
5:05 of 2nd period - Shot Misses the Net.
5:07 of 2nd period - Slapshot by Duncan Siemens.
5:07 of 2nd period - Shot Blocked by Dylan McIlrath.
5:09 of 2nd period - Snap shot by Mason Raymond.
5:09 of 2nd period - Deflect By Brian Ferlin.
5:09 of 2nd period - Stopped by Jake Allen without a rebound.
5:10 of 2nd period - Nathan Davis wins face-off versus Michael Latta in Rafales zone.
5:10 of 2nd period - Nathan Davis is hit by Michael Latta.
5:19 of 2nd period - Icing by Mason Raymond.
5:20 of 2nd period - Luke Witkowski wins face-off versus Nathan Davis in Saguenéens zone.
5:34 of 2nd period - Backhand shot by Mason Raymond.
5:34 of 2nd period - Deflect By Luke Witkowski.
5:34 of 2nd period - Stopped by Jake Allen with a rebound.
5:36 of 2nd period - Wrist shot by Mason Raymond.
5:36 of 2nd period - Goal by Mason Raymond - Rafales : 4 - Saguenéens : 4.
5:37 of 2nd period - Michael Latta wins face-off versus Nathan Davis in neutral zone.
5:45 of 2nd period - Snap shot by Michael Latta.
5:45 of 2nd period - Stopped by Jake Allen with a rebound.
5:47 of 2nd period - Wrist shot by Mason Raymond.
5:47 of 2nd period - Shot Misses the Net.
5:49 of 2nd period - Slapshot by Nick Mattson.
5:49 of 2nd period - Shot Blocked by Connor Murphy.
5:51 of 2nd period - Slapshot by Patrick Sieloff.
5:51 of 2nd period - Shot Blocked by Bruno Gervais.
5:53 of 2nd period - Backhand shot by Patrick Sieloff.
5:53 of 2nd period - Stopped by Jake Allen with a rebound.
6:23 of 2nd period - Off-side.
6:24 of 2nd period - Adam Erne wins face-off versus Cedric Paquette in neutral zone.
7:24 of 2nd period - Slapshot by James Marcou.
7:24 of 2nd period - Stopped by Joe Cannata without a rebound.
7:25 of 2nd period - Nathan Davis wins face-off versus Juraj Mikus in Saguenéens zone.
8:00 of 2nd period - Slapshot by Patrick Sieloff.
8:00 of 2nd period - Stopped by Jake Allen with a rebound.
8:03 of 2nd period - Icing by Joey Laleggia.
8:04 of 2nd period - Alexander Wennberg wins face-off versus Kevin Veilleux in Rafales zone.
8:11 of 2nd period - Brian Ferlin is hit by Alexander Wennberg and loses puck.
8:21 of 2nd period - Off-side.
8:22 of 2nd period - Nathan Davis wins face-off versus Michael Latta in neutral zone.
8:56 of 2nd period - Snap shot by Juraj Mikus.
8:56 of 2nd period - Shot Blocked by Julian Melchiori.
9:12 of 2nd period - Dylan McIlrath is hit by Carl Hagelin and loses puck.
9:31 of 2nd period - Dylan McIlrath is hit by Dalton Prout and loses puck.
9:51 of 2nd period - Icing by Andrew Shaw.
9:52 of 2nd period - Michael Latta wins face-off versus Nathan Davis in Rafales zone.
9:57 of 2nd period - Slapshot by Luke Witkowski.
9:57 of 2nd period - Shot Misses the Net.
10:05 of 2nd period - Wrist shot by Carl Klingberg.
10:05 of 2nd period - Stopped by Joe Cannata without a rebound.
10:06 of 2nd period - Carl Hagelin wins face-off versus Kevin Veilleux in Saguenéens zone.
10:06 of 2nd period - Carl Hagelin is hit by Kevin Veilleux.
10:09 of 2nd period - Minor Penalty to Rhett Rakhshani for Hooking.
10:10 of 2nd period - Mason Raymond wins face-off versus Nathan Davis in Saguenéens zone.
12:09 of 2nd period - Penalty to Rhett Rakhshani is over, Rhett Rakhshani is back on ice.
13:40 of 2nd period - Jayson Megna is hit by Carl Hagelin.
13:50 of 2nd period - Wrist shot by Juraj Mikus.
13:50 of 2nd period - Shot Blocked by Nathan Davis.
13:52 of 2nd period - Snap shot by Adam Erne.
13:52 of 2nd period - Stopped by Jake Allen with a rebound.
14:01 of 2nd period - Minor Penalty to Dalton Prout for Holding.
14:02 of 2nd period - Nathan Davis wins face-off versus Luke Witkowski in Saguenéens zone.
14:13 of 2nd period - Icing by Bruno Gervais.
14:14 of 2nd period - Mason Raymond wins face-off versus Nathan Davis in Rafales zone.
14:26 of 2nd period - Minor Penalty to Nathan Davis for Tripping.
14:27 of 2nd period - Luke Witkowski wins face-off versus Andrew Shaw in Rafales zone.
14:27 of 2nd period - Wrist shot by Mason Raymond.
14:27 of 2nd period - Deflect By Luke Witkowski.
14:27 of 2nd period - Stopped by Jake Allen with a rebound.
14:29 of 2nd period - Wrist shot by Duncan Siemens.
14:29 of 2nd period - Shot Misses the Net.
14:31 of 2nd period - Snap shot by Mason Raymond.
14:31 of 2nd period - Stopped by Jake Allen without a rebound.
14:32 of 2nd period - Luke Witkowski wins face-off versus Andrew Shaw in Rafales zone.
15:21 of 2nd period - Snap shot by Ryan Bourque.
15:21 of 2nd period - Stopped by Joe Cannata without a rebound.
15:22 of 2nd period - Andrew Shaw wins face-off versus Luke Witkowski in Saguenéens zone.
15:23 of 2nd period - Slapshot by Carl Klingberg.
15:23 of 2nd period - Stopped by Joe Cannata without a rebound.
15:24 of 2nd period - Andrew Shaw wins face-off versus Luke Witkowski in Saguenéens zone.
15:35 of 2nd period - Snap shot by Andrew Shaw.
15:35 of 2nd period - Shot Blocked by Duncan Siemens.
15:37 of 2nd period - Slapshot by Bruno Gervais.
15:37 of 2nd period - Stopped by Joe Cannata with a rebound.
15:59 of 2nd period - Slapshot by Brian Ferlin.
15:59 of 2nd period - Shot Hit the Post.
16:01 of 2nd period - Penalty to Dalton Prout is over, Dalton Prout is back on ice.
16:11 of 2nd period - Snap shot by Brian Ferlin.
16:11 of 2nd period - Stopped by Joe Cannata with a rebound.
16:23 of 2nd period - Connor Murphy is hit by Alexander Wennberg and loses puck.
16:26 of 2nd period - Penalty to Nathan Davis is over, Nathan Davis is back on ice.
16:59 of 2nd period - Minor Penalty to Maksim Mayorov for Hooking.
17:00 of 2nd period - Andrew Shaw wins face-off versus Alexander Wennberg in Rafales zone.
17:55 of 2nd period - Dalton Prout is hit by Bruno Gervais and loses puck.
18:50 of 2nd period - Brian Ferlin is hit by Patrick Sieloff and loses puck.
18:59 of 2nd period - Penalty to Maksim Mayorov is over, Maksim Mayorov is back on ice.
19:42 of 2nd period - Kevin Veilleux is hit by Julius Honka and loses puck.
Goals for this period are 2 for Rafales vs 1 for Saguenéens.
Shots for this period are 13 for Rafales vs 13 for Saguenéens.
3rd period
0:01 of 3rd period - Nathan Davis wins face-off versus Michael Latta in neutral zone.
0:08 of 3rd period - Snap shot by Andrew Shaw.
0:08 of 3rd period - Deflect By Michael Latta.
0:08 of 3rd period - Stopped by Joe Cannata without a rebound.
0:09 of 3rd period - Michael Latta wins face-off versus Nathan Davis in Saguenéens zone.
0:22 of 3rd period - Snap shot by Carl Klingberg.
0:22 of 3rd period - Stopped by Joe Cannata with a rebound.
0:24 of 3rd period - Snap shot by Bruno Gervais.
0:24 of 3rd period - Stopped by Joe Cannata with a rebound.
0:34 of 3rd period - Snap shot by Andrew Shaw.
0:34 of 3rd period - Stopped by Joe Cannata without a rebound.
0:35 of 3rd period - Alexander Wennberg wins face-off versus Kevin Veilleux in Saguenéens zone.
0:42 of 3rd period - Snap shot by Rhett Rakhshani.
0:42 of 3rd period - Shot Misses the Net.
0:44 of 3rd period - Slapshot by Patrick Sieloff.
0:44 of 3rd period - Deflect By Carl Hagelin.
0:44 of 3rd period - Stopped by Jake Allen with a rebound.
1:09 of 3rd period - Snap shot by Juraj Mikus.
1:09 of 3rd period - Stopped by Jake Allen with a rebound.
1:11 of 3rd period - Snap shot by Adam Erne.
1:11 of 3rd period - Shot Blocked by Dylan McIlrath.
2:10 of 3rd period - Snap shot by Brian Ferlin.
2:10 of 3rd period - Shot Blocked by Luke Witkowski.
2:12 of 3rd period - Snap shot by Brian Ferlin.
2:12 of 3rd period - Shot Misses the Net.
2:26 of 3rd period - Slater Koekkoek is hit by Luke Witkowski and loses puck.
2:40 of 3rd period - Off-side.
2:41 of 3rd period - Cedric Paquette wins face-off versus Juraj Mikus in neutral zone.
2:44 of 3rd period - Adam Erne is hit by Cedric Paquette and loses puck.
3:12 of 3rd period - Dylan McIlrath is hit by Jake McCabe.
3:48 of 3rd period - Backhand shot by Juraj Mikus.
3:48 of 3rd period - Stopped by Jake Allen without a rebound.
3:49 of 3rd period - Jayson Megna wins face-off versus Alexander Wennberg in Rafales zone.
4:16 of 3rd period - Carl Klingberg is hit by Nick Mattson and loses puck.
4:37 of 3rd period - Snap shot by Kevin Veilleux.
4:37 of 3rd period - Shot Blocked by Duncan Siemens.
4:39 of 3rd period - Slapshot by Joey Laleggia.
4:39 of 3rd period - Deflect By Chris Terry.
4:39 of 3rd period - Shot Misses the Net.
4:39 of 3rd period - Puck is out of play.
4:40 of 3rd period - Kevin Veilleux wins face-off versus Michael Latta in Saguenéens zone.
4:57 of 3rd period - Snap shot by Connor Murphy.
4:57 of 3rd period - Shot Misses the Net.
5:16 of 3rd period - Snap shot by Jake McCabe.
5:16 of 3rd period - Shot Blocked by Bruno Gervais.
5:41 of 3rd period - Carl Klingberg is hit by Rhett Rakhshani and loses puck.
5:54 of 3rd period - Snap shot by Cedric Paquette.
5:54 of 3rd period - Stopped by Joe Cannata without a rebound.
5:55 of 3rd period - Tanner Richard wins face-off versus Cedric Paquette in Saguenéens zone.
6:16 of 3rd period - Julius Honka is hit by Julian Melchiori and loses puck.
6:23 of 3rd period - Teemu Pulkkinen is hit by Julian Melchiori and loses puck.
8:32 of 3rd period - Snap shot by Tanner Richard.
8:32 of 3rd period - Stopped by Jake Allen with a rebound.
8:40 of 3rd period - Snap shot by Luke Witkowski.
8:40 of 3rd period - Shot Misses the Net.
8:42 of 3rd period - Snap shot by Luke Witkowski.
8:42 of 3rd period - Shot Blocked by Julian Melchiori.
8:44 of 3rd period - Snap shot by Julius Honka.
8:44 of 3rd period - Stopped by Jake Allen without a rebound.
8:45 of 3rd period - Rhett Rakhshani wins face-off versus Nathan Davis in Rafales zone.
8:48 of 3rd period - Snap shot by Carl Hagelin.
8:48 of 3rd period - Stopped by Jake Allen with a rebound.
16:36 of 3rd period - Snap shot by James Marcou.
16:36 of 3rd period - Stopped by Joe Cannata with a rebound.
16:41 of 3rd period - Icing by Rhett Rakhshani.
16:42 of 3rd period - Kevin Veilleux wins face-off versus Henrik Samuelsson in Saguenéens zone.
16:57 of 3rd period - Slapshot by Dalton Prout.
16:57 of 3rd period - Shot Misses the Net.
17:00 of 3rd period - Icing by Connor Murphy.
17:01 of 3rd period - Juraj Mikus wins face-off versus Cedric Paquette in Rafales zone.
17:02 of 3rd period - Slapshot by Craig Cunningham.
17:02 of 3rd period - Shot Misses the Net.
17:20 of 3rd period - Snap shot by Connor Murphy.
17:20 of 3rd period - Shot Blocked by Michael Latta.
17:22 of 3rd period - Slapshot by Connor Murphy.
17:22 of 3rd period - Deflect By Cedric Paquette.
17:22 of 3rd period - Stopped by Joe Cannata with a rebound.
17:24 of 3rd period - Backhand shot by Cedric Paquette.
17:24 of 3rd period - Stopped by Joe Cannata without a rebound.
17:25 of 3rd period - Nathan Davis wins face-off versus Michael Latta in Saguenéens zone.
17:32 of 3rd period - Snap shot by Andrew Shaw.
17:32 of 3rd period - Stopped by Joe Cannata without a rebound.
17:33 of 3rd period - Nathan Davis wins face-off versus Juraj Mikus in Saguenéens zone.
17:47 of 3rd period - Minor Penalty to Adam Erne for Tripping.
17:48 of 3rd period - Luke Witkowski wins face-off versus Nathan Davis in Saguenéens zone.
17:59 of 3rd period - Slapshot by Connor Murphy.
17:59 of 3rd period - Shot Misses the Net.
18:01 of 3rd period - Wrist shot by Connor Murphy.
18:01 of 3rd period - Deflect By Nathan Davis.
18:01 of 3rd period - Stopped by Joe Cannata with a rebound.
18:45 of 3rd period - Snap shot by Michael Latta.
18:45 of 3rd period - Shot Misses the Net.
18:47 of 3rd period - Wrist shot by Michael Latta.
18:47 of 3rd period - Stopped by Jake Allen with a rebound.
18:49 of 3rd period - Slapshot by Jake McCabe.
18:49 of 3rd period - Shot Blocked by Dylan McIlrath.
19:23 of 3rd period - Kevin Veilleux is hit by Patrick Sieloff and loses puck.
19:47 of 3rd period - Penalty to Adam Erne is over, Adam Erne is back on ice.
Goals for this period are 0 for Rafales vs 0 for Saguenéens.
Shots for this period are 10 for Rafales vs 7 for Saguenéens.
Overtime #1
0:01 of 1st overtime period - Luke Witkowski wins face-off versus Andrew Shaw in neutral zone.
0:37 of 1st overtime period - Off-side.
0:38 of 1st overtime period - Brian Ferlin wins face-off versus Michael Latta in neutral zone.
0:41 of 1st overtime period - Slapshot by Nathan Davis.
0:41 of 1st overtime period - Shot Misses the Net.
0:43 of 1st overtime period - Wrist shot by Nathan Davis.
0:43 of 1st overtime period - Shot Misses the Net.
0:45 of 1st overtime period - Slapshot by Dylan McIlrath.
0:45 of 1st overtime period - Deflect By Nathan Davis.
0:45 of 1st overtime period - Shot Misses the Net.
0:45 of 1st overtime period - Puck is out of play.
0:46 of 1st overtime period - Luke Witkowski wins face-off versus Andrew Shaw in Saguenéens zone.
1:03 of 1st overtime period - Wrist shot by Mason Raymond.
1:03 of 1st overtime period - Stopped by Jake Allen without a rebound.
1:04 of 1st overtime period - Andrew Shaw wins face-off versus Luke Witkowski in Rafales zone.
1:46 of 1st overtime period - Slapshot by Nathan Davis.
1:46 of 1st overtime period - Shot Misses the Net.
1:48 of 1st overtime period - Snap shot by Nathan Davis.
1:48 of 1st overtime period - Shot Misses the Net.
2:06 of 1st overtime period - Snap shot by Henrik Samuelsson.
2:06 of 1st overtime period - Stopped by Jake Allen with a rebound.
2:33 of 1st overtime period - Luke Witkowski is hit by Andrew Shaw.
2:43 of 1st overtime period - Alexander Wennberg is hit by Brian Ferlin and loses puck.
3:27 of 1st overtime period - Icing by Craig Cunningham.
3:28 of 1st overtime period - Mattias Janmark wins face-off versus Tyrell Goulbourne in Saguenéens zone.
3:52 of 1st overtime period - Icing by Bruno Gervais.
3:53 of 1st overtime period - Luke Witkowski wins face-off versus Tyrell Goulbourne in Rafales zone.
3:54 of 1st overtime period - Wrist shot by Mason Raymond.
3:54 of 1st overtime period - Stopped by Jake Allen without a rebound.
3:55 of 1st overtime period - Andrew Shaw wins face-off versus Luke Witkowski in Rafales zone.
4:06 of 1st overtime period - Snap shot by Mason Raymond.
4:06 of 1st overtime period - Goal by Mason Raymond - Rafales : 4 - Saguenéens : 5.
Goals for this period are 0 for Rafales vs 1 for Saguenéens.
Shots for this period are 0 for Rafales vs 4 for Saguenéens.
Back to the Top